 Dungeon Crawl Stone Soup version 0.27.1-35-g4d5d836560 (webtiles) character file.

Game seed: 15838340224263990930

9 cbfl8 the Sneak (level 2, -5/27 HPs)
             Began as a Minotaur Delver on Mar 26, 2022.
             Shot with an arrow by a centaur (9 damage)
             ... on level 5 of the Dungeon.
             The game lasted 00:00:25 (71 turns).

cbfl8 the Sneak (Minotaur Delver)                     Turns: 71, Time: 00:00:26

Health: -5/27      AC:  3    Str: 16    XL:     2   Next: 3%
Magic:  1/1        EV: 11    Int:  7    God:
Gold:   0          SH:  0    Dex: 11    Spells: 1/1 levels left

rFire    . . .     SeeInvis .   a - +0 hand axe
rCold    . . .     Faith    .   (no shield)
rNeg     . . .     Spirit   .   b - +0 leather armour
rPois    .         Reflect  .   (helmet restricted)
rElec    .         Harm     .   (no cloak)
rCorr    .         Rampage  .   (no gloves)
Will     .....                  (no boots)
Stlth    ++........             (no amulet)
HPRegen  0.09/turn              (no ring)
MPRegen  0.07/turn              (no ring)

@: no status effects
A: horns 2, retaliatory headbutt
a: no special abilities


You were on level 5 of the Dungeon.
You visited 1 branch of the dungeon, and saw 1 of its levels.

Inventory:

Hand Weapons
 a - a +0 hand axe (weapon)
Armour
 b - a +0 leather armour (worn)
Wands
 g - a wand of digging (3)
Scrolls
 c - a scroll of fog
 e - a scroll of fear
Potions
 f - a potion of haste


   Skills:
 + Level 3.7 Fighting
 + Level 2.5 Axes
 + Level 2.2 Dodging
 + Level 4.4 Stealth


You had one spell level left.
You didn't know any spells.
Your spell library was empty.

Dungeon Overview and Level Annotations

Branches:
Dungeon (5/15)             Temple (0/1) D:5

Altars:
Vehumet


Innate Abilities, Weirdness & Mutations

You have a pair of horns on your head.
You reflexively headbutt those who attack you in melee.


Message History

You hear the hiss of flowing sand.
There is an entrance to an ossuary on this level.
Hurry and find it before the portal is buried!
Welcome, cbfl8 the Minotaur Delver.
It is said that the Orb of Zot exists deep within this dungeon.
Press ? for a list of commands and other information.
Found a stone staircase leading down.
As you read the scroll of magic mapping, it crumbles to dust.
You feel aware of your surroundings.
You sensed 2 altars, and 1 shop/portal.
Found 18 gold pieces.
A howler monkey skeleton comes into view.
A howler monkey comes into view.
Found 7 gold pieces.
The howler monkey moves out of view.
There is a stone staircase leading down here.
You hit the howler monkey skeleton.
The howler monkey skeleton is moderately damaged.
The howler monkey skeleton closely misses you.
The howler monkey skeleton hits you.
You hit the howler monkey skeleton.
The howler monkey skeleton is heavily damaged.
The howler monkey skeleton barely misses you.
You furiously retaliate!
You headbutt the howler monkey skeleton!
You hit the howler monkey skeleton.
You destroy the howler monkey skeleton!
You have reached level 2!
You start resting.
You hear the slow hiss of a distant avalanche of sand.
A centaur comes into view.
Found 19 gold pieces.
Found a radiant altar of Vehumet.
Found 22 gold pieces.
The centaur shouts!
The centaur wields a +0 shortbow.
The centaur shoots an arrow.
The arrow hits you!
The centaur shoots an arrow.
The arrow hits you!
* * * LOW HITPOINT WARNING * * *
The centaur shoots an arrow.
The arrow barely misses you.
The centaur shoots an arrow.
The arrow hits you!
You die...

,*≈≈≈,,≈≈≈###....#........,###.,*
,****++***#...##...####...** *,,*
,*,**,,* #.##.....c....#.#* **,,*
,,,***,***,*#####.#####..****,,,,
**,* *,,,,,,,* #..####...,**,,**,
*,* *,,***#,* #......#*,,,,,,,,,
*,* *,,,.##.###.#####.#,,,*****,
*,* *,,,........# **,**** *, *,*
*,,*##+###.@# *,* ** **,*
*,,*.$$..#..#*****,*** ,,,*
*,,*.....#...,,<,,,,,*
,,,****,*.._$$#.###****,*,*
,,,,,,,,*.....#.* *,*,*
,,,,,,*,*.....#.* *,*,*
,,,,,,,,*######.* *,*,*
,,,,,,,,,.......* *,*,*******
,,,,,,**,,********* *,*,,,,,,,,


You could see a centaur.

Vanquished Creatures
  A howler monkey skeleton (D:5)
1 creature vanquished.

Notes
Turn   | Place    | Note
-------+----------+-------------------------------------------
     0 | D:5      | cbfl8 the Minotaur Delver began the quest for the Orb.
     0 | D:5      | Reached XP level 1. HP: 19/19 MP: 0/0
     7 | D:5      | Noticed a howler monkey
    37 | D:5      | Reached XP level 2. HP: 20/27 MP: 1/1
    62 | D:5      | Noticed a centaur
    66 | D:5      | Found a radiant altar of Vehumet.
    71 | D:5      | Shot with an arrow by a centaur

Illustrated notes

Levels and vault maps discovered:
D:5:      layout_loops_ring, lemuel_coloured_pillars_altar,
          amcnicky_altar_gilded, minmay_temple_entry_enclosed_plants,
          enter_ossuary_5, palyth_stone_intersect,
          eino_small_chamber_without_monster, grunt_ministairs_2,
          kennysheep_generic_room_6, uniq_pikel

Action                   || total
-------------------------++-------
Melee: Hand axe          ||     3
  Use: Scroll            ||     1
Dodge: Dodged            ||     3
